 Dungeon Crawl Stone Soup version 0.29-a0-43-g62a80824bf (webtiles) character file.

Game seed: 5728081722265963334

7 Spectrina the Cudgeller (level 2, -11/24 HPs)
             Began as a Human Monk on Feb 3, 2022.
             Was a Believer of Fedhas.
             Mangled by an iguana (14 damage)
             ... on level 2 of the Dungeon.
             The game lasted 00:01:51 (242 turns).

Spectrina the Cudgeller (Human Monk)                 Turns: 242, Time: 00:01:51

Health: -11/24     AC:  2    Str: 11    XL:     2   Next: 10%
Magic:  2/2        EV: 13    Int: 10    God:    Fedhas [**....]
Gold:   10         SH:  0    Dex: 15    Spells: 1/1 levels left

rFire   . . .      SeeInvis .   a - +0 mace
rCold   . . .      Faith    .   (no shield)
rNeg    . . .      Spirit   .   b - +0 robe
rPois   .          Reflect  .   (no helmet)
rElec   .          Harm     .   (no cloak)
rCorr   .          Rampage  .   (no gloves)
Will    .....                   (no boots)
Stlth   ++........              (no amulet)
HPRegen 0.08/turn               (no ring)
MPRegen 0.08/turn               (no ring)

@: no status effects
A: no striking features
a: Renounce Religion, Wall of Briars


You were on level 2 of the Dungeon.
You worshipped Fedhas.
Fedhas was pleased with you.
You visited 1 branch of the dungeon, and saw 3 of its levels.

You collected 10 gold pieces.

Inventory:

Hand Weapons
 a - a +0 mace (weapon)
 c - a +0 hunting sling
Missiles
 d - 42 stones (quivered)
 f - 24 arrows
Armour
 b - a +0 robe (worn)
Scrolls
 e - 3 scrolls of teleportation {unknown}
 g - a scroll of identify {unknown}


   Skills:
 - Level 3.0 Fighting
 + Level 3.2 Maces & Flails
 - Level 3.0 Dodging
 - Level 2.0 Stealth
 * Level 1.1 Invocations


You had one spell level left.
You didn't know any spells.
Your spell library was empty.

Dungeon Overview and Level Annotations

Branches:
Dungeon (3/15)

Altars:
Fedhas

Annotations:
D:3 Ijyb


Message History

An iguana and a rat come into view.
The iguana hisses angrily.
You see here a rat corpse.
A ball python comes into view.
You strike the helpless ball python from behind!
You hit the ball python.
You kill the ball python!
Fedhas appreciates your contribution to the ecosystem.
There is a stone staircase leading down here.
You climb downwards.
There is a stone staircase leading up here.
Unknown command.
Press: ? - help, v - describe, . - travel
Here: Ijyb, wielding a +0 dagger, wearing a +0 leather armour and carrying a wand of mindburst (12) (asleep)
The floor.
Unknown command.
You aren't carrying any potions.
Okay, then.
You aren't carrying any items that you can evoke.
Okay, then.
Unknown command.
Ijyb shouts!
The kobold shouts!
You climb upwards.
There is a stone staircase leading down here.
You aren't carrying any items that you can evoke.
You hit the iguana.
The iguana is moderately wounded.
The iguana barely misses you.
You hit the iguana.
The iguana is heavily wounded.
The iguana bites you!
Ouch! That really hurt!
* * * LOW HITPOINT WARNING * * *
The iguana closely misses you.
You barely miss the iguana.
The iguana is heavily wounded.
The iguana bites you!
Ouch! That really hurt!
You die...
Fedhas appreciates your contribution to the ecosystem.

#.##.......#...##
#.#..........##
#..............
#.####..........#
#....#..........#
#......<....#
###........##
#........#
##@.##..## #####
#.l##..####....
#>...†.......#
##...#......#
#....#....#...#
#......#...##.#
#..#.##..#.## .
....#.##.##..#
....##.##.###.#
##


You could see an iguana.

Vanquished Creatures
  An endoplasm (D:1)
  A goblin (D:2)
  A hobgoblin (D:1)
  A ball python (D:2)
  A bat (D:1)
  A kobold (D:1)
  2 rats (D:2)
8 creatures vanquished.

Notes
Turn   | Place    | Note
-------+----------+-------------------------------------------
     0 | D:1      | Spectrina the Human Monk began the quest for the Orb.
     0 | D:1      | Reached XP level 1. HP: 18/18 MP: 1/1
    86 | D:1      | Found a faded altar of an unknown god.
    94 | D:1      | Prayed at the altar of an unknown god.
    94 | D:1      | Became a worshipper of Fedhas Madash
    94 | D:1      | Reached * piety under Fedhas
    94 | D:1      | Reached ** piety under Fedhas
   201 | D:2      | Reached XP level 2. HP: 14/24 MP: 2/2
   218 | D:2      | Reached skill level 1 in Invocations
   235 | D:3      | Noticed Ijyb
   242 | D:2      | Mangled by an iguana

Illustrated notes

Levels and vault maps discovered:
D:1:      nagdon_arrival_double_spiral, layout_basic,
          hellmonk_ecumenical_altar_zigzags
D:2:      layout_rooms
D:3:      layout_basic, uniq_ijyb

Skill      XL: |  1  2 |
---------------+-------+-----
Invocations    | 1 |  1.1
Fighting       | |  3.0
Maces & Flails | |  3.2
Dodging        | |  3.0
Stealth        | |  2.0

Action                   || total
-------------------------++-------
Melee: Mace              ||    25
       Punch             ||     1
Throw: Stone             ||     2
 Stab: Distracted        ||     1
Armor: Robe              ||     2
Dodge: Dodged            ||    11

Table legend: (Time is in decaauts)
 A = Elapsed time spent in this place.
 B = Non-inter-level travel time spent in this place.
 C = Inter-level travel time spent in this place.
 D = Time resting spent in this place.
 E = Time spent auto-exploring this place.
 F = Levels seen in this place.
 G = Mean time per level.
                   A        B        C        D        E       F      G
               +--------+--------+--------+--------+--------+-----+--------+
         Total |    284 |    284 |      0 |      0 |     42 |   3 |   94.7 |
       Dungeon |    284 |    284 |      0 |      0 |     42 |   3 |   94.7 |
               +--------+--------+--------+--------+--------+-----+--------+

Top non-repeatable levels by time:
     D:1: 210 daAuts
     D:2: 72 daAuts
     D:3: 1 daAuts
